 Dungeon Crawl Stone Soup version 0.21.1-1-g345015f (webtiles) character file.

2982 lysyklops the Basher (level 9, 0/81 HPs)
             Began as a Pale Draconian Berserker on July 5, 2018.
             Was an Elder of Trog.
             Succumbed to a killer bee's poison
             ... on level 7 of the Dungeon.
             The game lasted 00:28:22 (6986 turns).

lysyklops the Basher (Pale Draconian Berserker)     Turns: 6986, Time: 00:28:23

Health: 0/81       AC:  7    Str: 22    XL:     9   Next: 53%
Magic:  9/9        EV: 15    Int:  7    God:    Trog [****..]
Gold:   283        SH:  0    Dex: 12    Spells: 8/8 levels left

rFire    . . .     SeeInvis .   a - +0 mace
rCold    . . .     Gourm    .   (no shield)
rNeg     . . .     Faith    .   (armour unavailable)
rPois    .         Spirit   .   (helmet restricted)
rElec    .         Reflect  .   (no cloak)
rCorr    .         Harm     .   (no gloves)
MR       .....                  (no boots)
Stlth    +.........             (no amulet)
HPRegen  0.23/turn              (no ring)
MPRegen  0.11/turn              (no ring)

@: lethally poisoned (0 -> -15), berserk cooldown, slowed, very slow
A: breathe steam, unfitting armour, cold-blooded, AC +7
a: Breathe Steam, Berserk, Trog's Hand, Brothers in Arms, Burn Spellbooks,
Renounce Religion


You were on level 7 of the Dungeon.
You worshipped Trog.
Trog was greatly pleased with you.
You were hungry.

You visited 1 branch of the dungeon, and saw 7 of its levels.

You collected 283 gold pieces.

Inventory:

Hand Weapons
 a - a +0 mace (weapon)
 j - a +0 hunting sling
 s - a +0 flail
 z - a cursed -3 shortbow
Missiles
 d - 187 stones (quivered)
 o - 33 sling bullets
 p - 2 throwing nets
Armour
 E - a +0 pair of gloves
Magical Staves
 r - an uncursed staff of fire {unknown}
Jewellery
 g - an uncursed amulet of inaccuracy
 A - a cursed ring of loudness {unknown}
 F - a cursed -3 ring of dexterity {unknown}
Wands
 v - a wand of digging (19)
 D - a wand of scattershot (6)
Scrolls
 c - 3 scrolls of remove curse
 e - 4 scrolls of teleportation {unknown}
 f - 3 scrolls of fear {unknown}
 h - 8 scrolls of identify {unknown}
 u - 2 scrolls of noise {unknown}
 x - 2 scrolls of enchant weapon {unknown}
 y - a scroll of blinking {unknown}
 B - a scroll of fog {unknown}
 H - a scroll of random uselessness {unknown}
 I - a scroll of amnesia {unknown}
Potions
 i - a potion of brilliance {unknown}
 k - a potion of mutation {unknown}
 l - 4 potions of curing
 m - 4 potions of berserk rage
 n - 2 potions of flight {unknown}
 q - a potion of lignification {unknown}
 t - a potion of magic {unknown}
 w - a potion of ambrosia {unknown}
 C - a potion of invisibility {unknown}
 G - 2 potions of degeneration {unknown}
Comestibles
 b - 8 rations


   Skills:
 + Level 7.8 Fighting
 + Level 9.8 Maces & Flails
 + Level 6.9 Dodging
 - Level 0.3 Stealth


You had 8 spell levels left.
You didn't know any spells.

Dungeon Overview and Level Annotations

Branches:
Dungeon (7/15)             Temple (0/1) D:4

Altars:
Elyvilon
Fedhas
Gozag
Makhleb
Nemelex Xobeh
Okawaru
Ru
Sif Muna
Trog
Uskayaw
Xom
Zin
The Shining One


Innate Abilities, Weirdness & Mutations

You can breathe blasts of scalding, opaque steam.
Your pale cyan-grey scales are hard. (AC +7)
You cannot fit into any form of body armour.
You are cold-blooded and may be slowed by cold attacks.


Message History

* * * LOW HITPOINT WARNING * * *
You are more poisoned.
The killer bee poisons you!
You feel sick. The killer bee completely misses you.
The killer bee barely misses you.
You feel sick. The killer bee misses you. The killer bee completely misses you.
The killer bee closely misses you.
You feel sick. The killer bee barely misses you. The killer bee misses you.
The killer bee completely misses you. The killer bee stings you.
* * * LOW HITPOINT WARNING * * *
You are more poisoned.
The killer bee poisons you!
* * * LOW HITPOINT WARNING * * *
You feel sick. The killer bee barely misses you. The killer bee stings you.
* * * LOW HITPOINT WARNING * * *
The killer bee misses you. The killer bee stings you.
* * * LOW HITPOINT WARNING * * *
You are more poisoned.
The killer bee poisons you!
You die...

#################
#.#........... #.....# #
#.#.##.###.## #.....# ...
#....'##
#.....##.....######...###
......................#
......# ########...#
......#############.#.###
....>............yy.....#
................@.yyy...#
.....#.#.############...#
.....#.#.# ........#...#
.....#.# # ........#..##
.....#.# ........#.##
.....#.# ......yy..#
.....#.# .......)###
.....#.# ........#
.....#.# ........#


You could see 5 killer bees.

Vanquished Creatures
  A two-headed ogre (D:7)
  The ghost of barakagiga3 the Covert, a novice NaEn of Cheibriados (D:6)
  A hippogriff (D:7)
  Eustachio (D:6)
  An ice beast (D:3)
  A phantom (D:6)
  A centaur (D:6)
  An ogre (D:6)
  A bullfrog (D:6)
  A scorpion (D:6)
  2 crimson imps (D:6)
  4 hounds
  3 orc priests
  2 jellies (D:5)
  A gnoll shaman (D:4)
  6 orc wizards
  A centaur skeleton (D:6)
  2 iguanas (D:4)
  5 worker ants
  A hound skeleton (D:7)
  Robin (D:2)
  10 gnolls
  A howler monkey skeleton (D:4)
  9 adders
  A shadow imp (D:7)
  2 worms
  2 dart slugs
  2 leopard geckos
  11 orcs
  4 giant cockroaches
  10 goblins (D:2)
  6 hobgoblins
  8 jackals
  6 quokkas
  A ball python (D:5)
  9 bats
  3 frilled lizards
  6 kobolds
  2 leopard gecko skeletons (D:5)
  A quokka skeleton (D:5)
  10 rats
142 creatures vanquished.

Notes
Turn   | Place    | Note
-------+----------+-------------------------------------------
     0 | D:1      | lysyklops the Draconian Berserker began the quest for the Orb.
     0 | D:1      | Reached XP level 1. HP: 19/19 MP: 1/1
    78 | D:1      | Reached XP level 2. HP: 20/26 MP: 2/2
   653 | D:2      | Found a hide-covered altar of Uskayaw.
   894 | D:2      | Noticed Robin
   905 | D:2      | Reached ** piety under Trog
   905 | D:2      | Reached XP level 3. HP: 33/33 MP: 3/3
   916 | D:2      | Killed Robin
   994 | D:2      | Found a deep blue altar of Sif Muna.
  1127 | D:2      | Reached XP level 4. HP: 36/40 MP: 4/4
  1258 | D:2      | Reached skill level 4 in Maces & Flails
  2644 | D:3      | Reached XP level 5. HP: 46/46 MP: 5/5
  2670 | D:3      | Found a white marble altar of Elyvilon.
  2770 | D:3      | Found a sparkling altar of Nemelex Xobeh.
  2773 | D:3      | Found a shimmering altar of Xom.
  2773 | D:3      | Found a glowing silver altar of Zin.
  2779 | D:3      | Found a sparkling altar of Nemelex Xobeh.
  2779 | D:3      | Found a deep blue altar of Sif Muna.
  2779 | D:3      | Found a deep blue altar of Sif Muna.
  2960 | D:3      | Found a glowing golden altar of the Shining One.
  3010 | D:3      | Noticed an ice beast
  3072 | D:3      | Killed an ice beast
  3072 | D:3      | Reached skill level 5 in Maces & Flails
  3072 | D:3      | Reached XP level 6. HP: 53/53 MP: 6/6
  3412 | D:3      | Found a burning altar of Makhleb.
  4191 | D:4      | Reached *** piety under Trog
  4202 | D:4      | Your scales start taking on a pale cyan-grey colour.
  4202 | D:4      | Reached XP level 7. HP: 13/60 MP: 7/7
  4449 | D:4      | Found a staircase to the Ecumenical Temple.
  4499 | D:4      | Found a blossoming altar of Fedhas.
  4526 | D:4      | Reached skill level 6 in Maces & Flails
  4614 | D:5      | Entered Level 5 of the Dungeon
  4930 | D:5      | Reached skill level 5 in Fighting
  4930 | D:5      | Reached skill level 5 in Dodging
  4977 | D:5      | Found a sparkling altar of Nemelex Xobeh.
  5265 | D:5      | Found a bloodstained altar of Trog.
  5266 | D:5      | Found an iron altar of Okawaru.
  5580 | D:6      | Reached skill level 7 in Maces & Flails
  5761 | D:6      | Noticed barakagiga3's ghost (novice NaEn)
  5780 | D:6      | Killed barakagiga3's ghost
  5780 | D:6      | Reached skill level 8 in Maces & Flails
  5780 | D:6      | Reached XP level 8. HP: 23/71 MP: 8/8
  5833 | D:6      | Noticed Eustachio
  5850 | D:6      | Killed Eustachio
  5860 | D:6      | Found a sparkling altar of Nemelex Xobeh.
  6002 | D:6      | Found a sacrificial altar of Ru.
  6167 | D:6      | Reached **** piety under Trog
  6167 | D:6      | Reached XP level 9. HP: 54/78 MP: 9/9
  6705 | D:7      | Found an opulent altar of Gozag.
  6731 | D:7      | Reached skill level 9 in Maces & Flails
  6958 | D:7      | Noticed a two-headed ogre
  6964 | D:7      | Killed a two-headed ogre
  6985 | D:7      | HP: 3/81 [killer bee (5)]
  6986 | D:7      | Succumbed to a killer bee's poison

Skill      XL: |  1  2  3  4  5  6  7  8  9 |
---------------+----------------------------+-----
Dodging        | 3 4 5 6 |  6.9
Fighting       | 4 6 7 |  7.8
Maces & Flails | 4 5 8 9 |  9.8
Stealth        | |  0.3

Action                   |  1- 3 |  4- 6 |  7- 9 || total
-------------------------+-------+-------+-------++-------
Melee: Mace              |   102 |   188 |   250 ||   540
       Tailslap          |    12 |    19 |    28 ||    59
       Flail             |       |       |    10 ||    10
Invok: Berserk           |     1 |     2 |     8 ||    11
  Use: Scroll            |       |       |     2 ||     2
       Potion            |       |       |     3 ||     3
  Eat: Chunk             |     2 |    10 |     4 ||    16
       Ration            |       |       |     4 ||     4
Armor: Skin              |    32 |    75 |    68 ||   175
Dodge: Dodged            |    81 |   173 |   221 ||   475
